 Dungeon Sprint DCSS version 0.30-a0-310-g7d6cbdfea6 (webtiles) character file.

Game seed: 18065431144059418894

3300000 garrulousMonolith the Axe Maniac (level 19, -4/207 HPs)
             Began as a Ghoul Warper on Oct 24, 2022.
             Was the Champion of Makhleb.
             Slain by The Servant
             ... wielding a +9 glaive of flaming
              (63 damage)
             ... in the Dungeon (Sprint VIII: "Arena of Blood").
             The game lasted 00:01:17 (33 turns).

garrulousMonolith the Axe Maniac (Ghoul Warper)       Turns: 33, Time: 00:01:18

Health: -4/207     AC:  6    Str: 17    XL:     19   Next: 53%
Magic:  20/35      EV: 25    Int:  8    God:    Makhleb [******]
Gold:   0          SH:  0    Dex: 14    Spells: 32/32 levels left

rFire   . . .      SeeInvis .    i - +∞ Axe of Woe
rCold   + . .      Faith    .    (shield currently unavailable)
rNeg    + + +      Spirit   .    b - +0 leather armour
rPois   ∞          Reflect  .    (no helmet)
rElec   .          Harm     .    (no cloak)
rCorr   .          Rampage  .    (no gloves)
Will    +....      NoTele   +    (no boots)
Stlth   +++++++++.               (no amulet)
HPRegen 0.00/turn                (no ring)
MPRegen 0.24/turn                (no ring)

@: inhibited regen
A: claws 1, cold resistance 1, negative energy resistance 3, inhibited
regeneration, torment resistance 2, devour on kill
a: Renounce Religion, Minor Destruction, Lesser Servant of Makhleb, Major
Destruction, Greater Servant of Makhleb


You were in the Dungeon.
You worshipped Makhleb.
Makhleb was exalted by your worship.
You visited 1 branch

Inventory:

Hand Weapons
 a - a +0 hand axe
 i - the +∞ Axe of Woe (weapon)
   (You found it in the Dungeon)
Missiles
 d - 7 boomerangs of dispersal (quivered)
Armour
 b - a +0 leather armour (worn)
Scrolls
 c - 2 scrolls of blinking
Potions
 e - a potion of curing
 f - a potion of heal wounds
 g - a potion of haste
 h - 2 potions of magic


   Skills:
 O Level 27 Fighting
 O Level 27 Axes
 - Level 0.8 Throwing
 O Level 27 Armour
 O Level 27 Dodging
 O Level 27 Stealth
 + Level 7.1 Spellcasting
 + Level 8.0 Translocations
 O Level 27 Invocations


You had 32 spell levels left.
You didn't know any spells.
Your spell library contained the following spells:

 Spells                   Type           Power      Damage    Failure   Level
 Blink                    Tloc           30%        N/A       1%          2
 Lesser Beckoning         Tloc           30%        N/A       2%          3
 Teleport Other           Tloc           15%        N/A       2%          3
 Manifold Assault         Tloc           15%        N/A       9%          4
 Vhi's Electric Charge    Tloc/Air       18%        N/A       13%         3


Dungeon Overview and Level Annotations

Branches:
Dungeon (1/1)

Altars:
Makhleb

Annotations:
D The Servant


Innate Abilities, Weirdness & Mutations

You are immune to poison.
You have sharp fingernails.
Your flesh is cold resistant. (rC+)
You are immune to negative energy. (rN+++)
You do not regenerate when monsters are visible.
You are immune to unholy pain and torment.
You thrive by killing the living.


Message History

Makhleb accepts your kill.
You slash the meat berserker!
You chop the meat berserker into pieces.
You kill the meat berserker!
Makhleb accepts your kill.
You hit the meat berserker.
You chop the meat berserker into pieces.
You kill the meat berserker!
Makhleb accepts your kill.
The sculptor of flesh appears out of thin air!
A sculptor of flesh comes into view. It is wielding a +9 great sword.
You hear two shouts!
You hear a shout! x6
A bag of meat comes into view. It is wielding a +9 war axe.
You hear a shout! x2
The bag of meat moves out of view.
You hear a shout!
You have mastered Invocations!
You need to enable at least one skill for training.
Your Spellcasting skill gained 6 levels and is now at level 7!
Your Translocations skill gained 6 levels and is now at level 8!
You have reached level 19!
A large bag of meat comes into view.
It is wielding a +9 giant spiked club. 3 bags of meat come into view.
You hear a shout! x10
The destroyer points at you and mumbles some strange words.
The destroyer blinks!
You hear a shout!
The large bag of meat shouts in stereo!
The bag of meat shouts!
You slice the bag of meat!!
You slaughter the bag of meat joyfully.
You kill the bag of meat!
Makhleb accepts your kill.
You hear a shout! x4
The destroyer casts a spell at you.
The destroyer blinks!
You hear a shout! x2
The Servant hits you from afar with a +9 glaive of flaming!!!!!
Ouch! That really hurt!
* * * LOW HITPOINT WARNING * * *
The Servant burns you!!!
You die...

....o..#.#.....
.....oOOoo.......
.................
#.......o......o.
......ooo.......
.....o§@oOO.O
#....)..# ..
#.V)O@..#
...###.)).)..###.
o...oo)O###.o.§..
#z...z)))_....V...
....o.#O....#.....
......#_.<._#.....
..... #.....# ....
#........_........
........###......


You could see The Servant, 2 destroyers, a sculptor of flesh, 5 large bags of
meat, 2 meat berserkers and 15 bags of meat.

Vanquished Creatures
  10 ogres (D)
  18 orcs (D)
28 creatures vanquished.

Notes
Turn   | Place    | Note
-------+----------+-------------------------------------------
     0 | D        | Found the +∞ Axe of Woe
     0 | D        | garrulousMonolith the Ghoul Warper began the quest for the
                  | Orb.
     0 | D        | Reached XP level 1. HP: 17/17 MP: 2/2
     1 | D        | Noticed a bag of meat
     2 | D        | Noticed a bag of meat
     4 | D        | Killed a bag of meat
     4 | D        | Noticed a meat berserker
     5 | D        | Reached XP level 2. HP: 24/24 MP: 3/3
     5 | D        | Reached XP level 3. HP: 29/29 MP: 4/4
     5 | D        | Reached XP level 4. HP: 36/36 MP: 5/5
     5 | D        | Reached XP level 5. HP: 41/41 MP: 6/6
     5 | D        | Reached XP level 6. HP: 48/48 MP: 7/7
     5 | D        | Reached XP level 7. HP: 55/55 MP: 8/8
     5 | D        | Reached XP level 8. HP: 61/61 MP: 9/9
     5 | D        | Reached XP level 9. HP: 67/67 MP: 10/10
     5 | D        | Reached XP level 10. HP: 73/73 MP: 11/11
     5 | D        | Reached XP level 11. HP: 79/79 MP: 12/12
     5 | D        | Became a worshipper of Makhleb the Destroyer
     7 | D        | Noticed a bag of meat
     7 | D        | Noticed a bag of meat
     7 | D        | Noticed a meat berserker
     7 | D        | Noticed a bag of meat
     7 | D        | Noticed a bag of meat
     8 | D        | Killed a meat berserker
     9 | D        | Reached skill level 27 in Axes
     9 | D        | Reached XP level 12. HP: 112/112 MP: 13/13
     9 | D        | Noticed a bag of meat
     9 | D        | Noticed a bag of meat
     9 | D        | Noticed a bag of meat
     9 | D        | Noticed a meat berserker
     9 | D        | Noticed a bag of meat
    12 | D        | Killed a meat berserker
    12 | D        | Reached * piety under Makhleb
    13 | D        | Reached XP level 13. HP: 143/143 MP: 14/14
    13 | D        | Noticed a meat berserker
    13 | D        | Noticed a bag of meat
    13 | D        | Noticed a meat berserker
    14 | D        | Killed a bag of meat
    14 | D        | Killed a meat berserker
    15 | D        | Reached skill level 27 in Fighting
    15 | D        | Reached XP level 14. HP: 168/168 MP: 15/15
    15 | D        | Killed a bag of meat
    15 | D        | Reached ** piety under Makhleb
    15 | D        | Killed a bag of meat
    15 | D        | Noticed a meat berserker
    15 | D        | Noticed a bag of meat
    15 | D        | Noticed a bag of meat
    16 | D        | Reached XP level 15. HP: 174/174 MP: 16/16
    16 | D        | Killed a meat berserker
    16 | D        | Reached *** piety under Makhleb
    19 | D        | Reached XP level 16. HP: 183/183 MP: 17/17
    19 | D        | Reached **** piety under Makhleb
    20 | D        | Reached skill level 27 in Dodging
    20 | D        | Noticed a meat berserker
    21 | D        | Killed a meat berserker
    21 | D        | Noticed a large bag of meat
    22 | D        | Reached XP level 17. HP: 191/191 MP: 18/18
    23 | D        | Reached ***** piety under Makhleb
    24 | D        | Reached skill level 27 in Stealth
    24 | D        | Reached skill level 10 in Armour
    24 | D        | Killed a meat berserker
    25 | D        | Noticed a large bag of meat
    25 | D        | Noticed a meat berserker
    26 | D        | Reached XP level 18. HP: 200/200 MP: 19/19
    26 | D        | Killed a meat berserker
    26 | D        | Noticed a meat berserker
    26 | D        | Noticed a meat berserker
    28 | D        | Reached skill level 27 in Armour
    28 | D        | Reached ****** piety under Makhleb
    28 | D        | Noticed a destroyer
    29 | D        | Noticed The Servant
    29 | D        | Noticed a meat berserker
    29 | D        | Noticed a large bag of meat
    29 | D        | Noticed a large bag of meat
    30 | D        | Noticed a sculptor of flesh
    30 | D        | Noticed a destroyer
    30 | D        | Noticed a large bag of meat
    30 | D        | Noticed a meat berserker
    31 | D        | Killed a meat berserker
    31 | D        | Killed a meat berserker
    31 | D        | Killed a meat berserker
    32 | D        | Reached skill level 27 in Invocations
    32 | D        | Reached XP level 19. HP: 207/207 MP: 19/35
    32 | D        | Noticed a large bag of meat
    32 | D        | Noticed a sculptor of flesh
    33 | D        | Slain by The Servant

Illustrated notes

Levels and vault maps discovered:
D:        meatsprint

Skill      XL: |  1  2  3  4  5  6  7  8  9 10 11 12 13 14 15 16 17 18 |
---------------+-------------------------------------------------------+-----
Axes           | 23 27 | 27.0
Fighting       | 12 21 27 | 27.0
Dodging        | 9 16 25 27 | 27.0
Stealth        | 24 27 | 27.0
Armour         | 23 27 | 27.0
Invocations    | 27 | 27.0
Spellcasting   | 7 |  7.1
Translocations | 8 |  8.0
Throwing       | |  0.8

Action                   |  1- 3 |  4- 6 |  7- 9 | 10-12 | 13-15 | 16-18 | 19-21 || total
-------------------------+-------+-------+-------+-------+-------+-------+-------++-------
Melee: Executioner's axe |     1 |       |       |     2 |     4 |    10 |     1 ||    18

Table legend: (Time is in decaauts)
 A = Elapsed time spent in this place.
 B = Non-inter-level travel time spent in this place.
 C = Inter-level travel time spent in this place.
 D = Time resting spent in this place.
 E = Time spent auto-exploring this place.
 F = Levels seen in this place.
 G = Mean time per level.
                   A        B        C        D        E       F      G
               +--------+--------+--------+--------+--------+-----+--------+
         Total |     28 |     28 |      0 |      0 |      0 |   1 |   28.0 |
       Dungeon |     28 |     28 |      0 |      0 |      0 |   1 |   28.0 |
               +--------+--------+--------+--------+--------+-----+--------+

Top non-repeatable levels by time:
       D: 28 daAuts
